 Dungeon Crawl Stone Soup version 0.29-a0-1019-g84f7d21838 (webtiles) character file.

Game seed: 4121053209683005055

4 xian the Shooter (level 1, 0/12 HPs)
             Began as a Deep Elf Hunter on Aug 10, 2022.
             Slain by a ball python (3 damage)
             ... on level 1 of the Dungeon.
             The game lasted 00:00:16 (73 turns).

xian the Shooter (Deep Elf Hunter)                    Turns: 73, Time: 00:00:16

Health: 0/12       AC:  4    Str:  8    XL:     1   Next: 50%
Magic:  3/3        EV:  9    Int: 13    God:
Gold:   0          SH:  0    Dex: 18    Spells: 0/0 levels left

rFire   . . .      SeeInvis .   a - +0 shortbow
rCold   . . .      Faith    .   (shield currently unavailable)
rNeg    . . .      Spirit   .   c - +0 leather armour
rPois   .          Reflect  .   (no helmet)
rElec   .          Harm     .   (no cloak)
rCorr   .          Rampage  .   (no gloves)
Will    .....                   d - +0 pair of boots
Stlth   ++........              (no amulet)
HPRegen 0.04/turn               (no ring)
MPRegen 0.08/turn               (no ring)

@: constricted
A: no striking features
a: no special abilities


You were on level 1 of the Dungeon.
You visited 1 branch of the dungeon, and saw 1 of its levels.

Inventory:

Hand Weapons
 a - a +0 shortbow (weapon)
Armour
 c - a +0 leather armour (worn)
 d - a +0 pair of boots (worn)
Scrolls
 b - a scroll of immolation
 e - a scroll of vulnerability {unknown}


   Skills:
 + Level 1.6 Fighting
 + Level 5.3 Ranged Weapons
 + Level 0.2 Armour
 + Level 2.6 Dodging
 + Level 1.2 Stealth


You couldn't memorise any spells.
You didn't know any spells.
Your spell library was empty.

Dungeon Overview and Level Annotations

Branches:
Dungeon (1/15)

Altars:


Message History

The hobgoblin hits you. The giant cockroach closely misses you.
You shoot an arrow. The arrow barely misses the hobgoblin.
The giant cockroach misses you. The hobgoblin barely misses you.
You shoot an arrow.
The arrow hits the hobgoblin but does no damage.
The hobgoblin is heavily wounded.
The giant cockroach bites you but does no damage.
The hobgoblin hits you.
You are too injured to fight recklessly!
Unknown command.
The giant cockroach bites you but does no damage.
You are too injured to fight recklessly!
You are too injured to fight recklessly!
You are too injured to fight recklessly!
You are too injured to fight recklessly!
Fire: a) +0 shortbow
Press: ? - help, Q - select action Shift-Dir - straight line, f/p - hobgoblin
Aim: a hobgoblin (heavily wounded, 63% to hit)
You shoot an arrow. The arrow hits the giant cockroach!
You kill the giant cockroach!
The ball python barely misses you. The ball python grabs you.
The ball python constricts you.
Fire: a) +0 shortbow
Press: ? - help, Q - select action Shift-Dir - straight line, f/p - hobgoblin
Aim: a hobgoblin (heavily wounded, 63% to hit)
You shoot an arrow. The arrow hits the ball python!
You kill the ball python!
The ball python barely misses you. The ball python grabs you.
The ball python constricts you.
Fire: a) +0 shortbow
Press: ? - help, Q - select action Shift-Dir - straight line, f/p - hobgoblin
Aim: a hobgoblin (heavily wounded, 63% to hit)
You shoot an arrow.
The arrow closely misses the ball python.
The arrow closely misses the hobgoblin.
The ball python bites you but does no damage.
The ball python constricts you.
* * * LOW HITPOINT WARNING * * *
The ball python bites you.
You die...

....... .....).
.. ....... .
....... . ....†..
#. .......
#.#####.......
.###....@Sg......
........#####....
.###..#.# .
##..#.#####...
### ###
#.............
#.####.##
#.....#####...
...##.#'# #.....#
....'##(###.....#
...###...###..###


You could see a hobgoblin and a ball python.

Vanquished Creatures
  A giant cockroach (D:1)
  2 ball pythons (D:1)
  A kobold (D:1)
4 creatures vanquished.

Notes
Turn   | Place    | Note
-------+----------+-------------------------------------------
     0 | D:1      | xian the Deep Elf Hunter began the quest for the Orb.
     0 | D:1      | Reached XP level 1. HP: 12/12 MP: 3/3
    73 | D:1      | Slain by a ball python

Illustrated notes

Levels and vault maps discovered:
D:1:      dpeg_arrival_rhombi, layout_basic, serial_shops, nicolae_shop_trees,
          nicolae_ecumenical_snake_handling, serial_bayou_pond_a

Action                   || total
-------------------------++-------
 Fire: Shortbow          ||    13
Armor: Leather armour    ||     6
Dodge: Dodged            ||     8

Table legend: (Time is in decaauts)
 A = Elapsed time spent in this place.
 B = Non-inter-level travel time spent in this place.
 C = Inter-level travel time spent in this place.
 D = Time resting spent in this place.
 E = Time spent auto-exploring this place.
 F = Levels seen in this place.
 G = Mean time per level.
                   A        B        C        D        E       F      G
               +--------+--------+--------+--------+--------+-----+--------+
         Total |     76 |     76 |      0 |      0 |     45 |   1 |   76.0 |
       Dungeon |     76 |     76 |      0 |      0 |     45 |   1 |   76.0 |
               +--------+--------+--------+--------+--------+-----+--------+

Top non-repeatable levels by time:
     D:1: 76 daAuts
